 Dungeon Crawl Stone Soup version 0.32-a0-913-g739538afd8 (webtiles) character file.

Game seed: 9606942300318432114

13429 Autsider the Earth Mage (level 12, -18/76 HPs)
             Began as a Gargoyle Earth Elementalist on Apr 9, 2024.
             Was an Initiate of Vehumet.
             Killed from afar by Azrael (49 damage)
             ... with a fireball
             ... on level 12 of the Dungeon.
             The game lasted 00:38:09 (12130 turns).

Autsider the Earth Mage (GrEE)                     Turns: 12130, Time: 00:38:09

Health: -18/76     AC: 17    Str: 22    XL:     12   Next: 5%
Magic:  20/21      EV: 17    Int: 20    God:    Vehumet [......]
Gold:   441        SH:  0    Dex: 10    Spells: 19/23 levels left

rFire   . . .        a - +6 war axe of the Wraith {vamp, Str+3}
rCold   . . .        (no shield)
rNeg    + . .        K - +0 steam dragon scales
rPois   ∞            i - +0 helmet
rElec   +            (no cloak)
rCorr   .            A - +0 pair of gloves
SInv    .            (no boots)
Will    .....        (no amulet)
Stlth   ++           l - +5 ring of evasion
HPRegen 0.32/turn    B - +6 ring of strength
MPRegen 0.17/turn

%: no passive effects
@: no status effects
A: sickness immunity, AC +8, negative energy resistance 1, electricity
resistance, torment resistance 1, petrification resistance
a: Renounce Religion


You were on level 12 of the Dungeon.
You worshipped Vehumet.
Vehumet was noncommittal.
You visited 2 branches of the dungeon, and saw 13 of its levels.

You collected 481 gold pieces.
You spent 40 gold pieces at shops.

Inventory:

Hand Weapons
 a - the +6 war axe of the Wraith (weapon) {vamp, Str+3}
   (You found it on level 4 of the Dungeon)

   Str+3:     It affects your strength (+3).
 g - a +0 vampiric mace
 n - the +9 spear "Vusher" {holy, rN+ Str+5 Int-2 Dex-3}
   (You found it on level 3 of the Dungeon)

   Str+5:     It affects your strength (+5).
   Int-2:     It affects your intelligence (-2).
   Dex-3:     It affects your dexterity (-3).
   rN+:       It protects you from negative energy.
 u - a +2 short sword of protection
 C - a +2 trident of draining
 F - a +2 flail of protection
Armour
 i - a +0 helmet (worn)
 A - a +0 pair of gloves (worn)
 H - an orb of mayhem
 K - +0 steam dragon scales (worn)
 Q - a +1 robe of positive energy
 S - a +0 ring mail of willpower
Jewellery
 l - a +5 ring of evasion (left hand)
 B - a +6 ring of strength (right hand)
 E - a +6 ring of dexterity
 L - a ring of fire
Wands
 p - a wand of acid (8)
 z - a wand of charming (25)
 M - a wand of mindburst (17)
 N - a wand of flame (11)
 O - a wand of polymorph (2)
 P - a wand of digging (3)
 X - a wand of warping (2)
Scrolls
 c - a scroll of immolation
 d - 2 scrolls of brand weapon
 e - 3 scrolls of teleportation {@r2}
 h - 2 scrolls of fog
 m - a scroll of vulnerability
 o - a scroll of acquirement
 q - a scroll of revelation
 s - a scroll of fear
 w - 3 scrolls of poison
 x - 2 scrolls of silence
 y - a scroll of summoning {unknown}
 D - 2 scrolls of enchant weapon {unknown}
 R - a scroll of blinking {unknown}
 U - 2 scrolls of identify {@r1}
 V - a scroll of torment {unknown}
 W - a scroll of amnesia {unknown}
Potions
 b - 3 potions of magic
 f - 2 potions of heal wounds {@q2}
 j - 2 potions of might
 k - a potion of degeneration
 r - 2 potions of attraction
 t - 3 potions of curing {@q1}
 v - 2 potions of brilliance
 G - a potion of enlightenment {unknown}
 I - a potion of mutation {unknown}
 J - a potion of haste {unknown}
 T - a potion of cancellation {unknown}


   Skills:
 + Level 9.3 Fighting
 - Level 6.0 Armour
 + Level 5.6 Dodging
 - Level 2.1 Stealth
 - Level 6.0 Spellcasting
 - Level 4.0 Conjurations
 + Level 15.6 Earth Magic


You had 19 spell levels left.
You knew the following spells:

 Your Spells              Type           Power      Damage    Failure   Level
a - Sandblast             Erth           100%       2d20      0%          1
b - Stone Arrow           Conj/Erth      90%        3d12      1%          3

Your spell library contained the following spells:

 Spells                   Type           Power      Damage    Failure   Level
 Passwall                 Erth           62%        N/A       1%          3
 Brom's Barrelling Bould  Conj/Erth      45%        2d6       1%          4
 Petrify                  Alch/Erth      37%        N/A       4%          4
 Call Imp                 Summ           12%        N/A       16%         2
 Fugue of the Fallen      Necr           6%         N/A       30%         3
 Ozocubu's Armour         Ice            6%         N/A       30%         3
 Manifold Assault         Tloc           3%         N/A       100%        7
 Summon Hydra             Summ           3%         N/A       100%        7
 Sublimation of Blood     Necr           Unusable   N/A       N/A         2

Dungeon Overview and Level Annotations

Branches:
Dungeon (12/15)            Temple (1/1) D:6            Lair (0/5) D:9
    Orc (0/2) D:10

Altars:
Ashenzari
Cheibriados
Dithmenos
Elyvilon
Fedhas
Gozag
Hepliaklqana
Kikubaaqudgha
Makhleb
Nemelex Xobeh
Okawaru
Qazlal
Ru
Sif Muna
Trog
Uskayaw
Vehumet
Wu Jian
Xom
Yredelemnul
Zin
The Shining One
Beogh
Jiyva

Shops:
D:4 *(!(   D:5 *

Annotations:
D:4 exclusion: downstairs
D:12 Azrael


Innate Abilities, Weirdness & Mutations

You are immune to sickness and miasma.
Your stone body is resilient. (AC +8)
You are immune to poison.
You resist negative energy. (rN+)
You are resistant to electric shocks. (rElec)
You are resistant to unholy torment.
You are immune to petrification.


Message History

The hell hound is lightly wounded.
The hell hound breathes flames at you. The blast of flame hits you.
The blast of sand hits the hell hound!
The hell hound is severely wounded.
The hell hound breathes flames at you. The blast of flame hits you!
The blast of sand hits the hell hound!
You kill the hell hound!
Vehumet accepts your kill.
Azrael the Boundless Flame comes into view.
He is wielding a +3 scimitar of flaming.
The fire elemental hits you. The fire elemental burns you!
You hit the fire elemental.
The fire elemental is lightly damaged.
The fire elemental hits you. The fire elemental burns you!
The fire elemental barely misses you.
You completely miss the fire elemental.
The fire elemental is lightly damaged.
The fire elemental barely misses you. The fire elemental hits you.
The fire elemental burns you!
* * * LOW HITPOINT WARNING * * *
Unknown command.
Azrael gestures at you.
The sphere of damnation explodes!
The damnation engulfs you!!
* * * LOW HITPOINT WARNING * * *
You hear a bark!
The fire elemental hits you. The fire elemental burns you!
* * * LOW HITPOINT WARNING * * *
As you read the scroll of fear, it crumbles to dust.
You assume a fearsome visage.
The fire elemental is unaffected.
The hell hound looks frightened!
The fire elemental completely misses you.
Okay, then.
You feel much better. The fire elemental barely misses you.
Azrael gestures at you.
The fireball explodes!
The fireball engulfs the fire elemental.
The fire elemental completely resists.
The fireball engulfs you!!!
Ouch! That really hurt!
You die...

...h..# .....# ○...
#####'# ####.R.°.#
#hR°h##### ##○#######
##+####### #.E......#
.........# #.@...(..#
.(.......# #........#
.........#### #........#
.........'..###........#
.........##............#
.....<...######...........
.........# #...)....###
........<# #........#
########## ##########


You could see Azrael, a fire elemental and a hell hound (fleeing).

Vanquished Creatures
  Erolcha (D:9)
  2 two-headed ogres (D:8)
  Pikel (D:7)
  Jeremiah (D:7)
  Maggie (D:7)
  Psyche (D:8)
  Prince Ribbit (D:7)
  A slime creature (D:10)
  A spriggan (D:8)
  2 wraiths
  4 wyverns
  15 yaks
  Grum (D:8)
  A steam dragon (D:7)
  2 acid dragons (D:10)
  7 water moccasins
  A hell hound (D:12)
  3 ice beasts
  3 black bears
  An ogre (D:5)
  8 orc warriors
  2 wolves
  3 centaurs
  A phantom (D:6)
  2 lemures (D:7)
  A kobold brigand (D:11)
  A gnoll sergeant (D:9)
  6 bullfrogs
  4 scorpions
  19 wights
  6 killer bees (D:9)
  4 howler monkeys
  4 jellies
  2 bombardier beetles (D:4)
  10 orc priests
  4 gnoll boudas
  6 iguanas
  3 sleepcaps
  10 orc wizards
  Robin (D:2)
  30 gnolls
  2 adders
  2 ufetubi (D:7)
  6 dart slugs
  5 ribbon worms
  67 orcs
  8 bats
  5 endoplasms
  5 giant cockroaches
  31 goblins
  9 hobgoblins
  4 jackals (D:1)
  6 quokkas
  6 ball pythons
  2 frilled lizards
  15 kobolds
  4 rats
354 creatures vanquished.

Vanquished Creatures (others)
  A gnoll (D:10)
1 creature vanquished.

Grand Total: 355 creatures vanquished

Notes
Turn   | Place    | Note
-------+----------+-------------------------------------------
     0 | D:1      | Autsider the Gargoyle Earth Elementalist began the quest
                  | for the Orb.
     0 | D:1      | Reached XP level 1. HP: 10/10 MP: 3/3
    77 | D:1      | Reached skill level 4 in Earth Magic
   204 | D:1      | Reached XP level 2. HP: 15/15 MP: 0/5
   654 | D:1      | Reached XP level 3. HP: 19/19 MP: 4/6
   691 | D:1      | Learned a level 3 spell: Stone Arrow
   801 | D:1      | Reached skill level 5 in Earth Magic
  1130 | D:2      | Found a glowing silver altar of Zin.
  1208 | D:2      | Reached XP level 4. HP: 24/24 MP: 5/7
  1301 | D:2      | Noticed Robin
  1332 | D:2      | Killed Robin
  1506 | D:2      | Reached skill level 6 in Earth Magic
  1518 | D:2      | Reached XP level 5. HP: 20/28 MP: 2/8
  2259 | D:3      | Found a faded altar of an unknown god.
  2264 | D:3      | Found a shadowy altar of Dithmenos.
  2337 | D:2      | Reached skill level 1 in Fighting
  2467 | D:3      | Identified the +9 spear "Vusher" {holy, rN+ Str+5 Int-2
                  | Dex-3}
  2985 | D:4      | Found Tafoaxur's Antique Weapon Shop.
  3128 | D:4      | Reached XP level 6. HP: 34/34 MP: 4/9
  3129 | D:4      | Reached skill level 7 in Earth Magic
  3210 | D:4      | Identified the +6 war axe of the Wraith {vamp, Str+3}
  3257 | D:4      | Found Cetitzy's Assorted Antiques.
  3412 | D:4      | Found Tiqol's Weapon Emporium.
  3476 | D:4      | Found Wieb's Distillery.
  3479 | D:4      | Bought a potion of brilliance for 40 gold pieces
  3940 | D:5      | Entered Level 5 of the Dungeon
  3947 | D:5      | Noticed a black bear
  4263 | D:5      | Found Xokk's Assorted Antiques.
  4337 | D:5      | Reached XP level 7. HP: 40/40 MP: 7/10
  4476 | D:5      | Reached skill level 8 in Earth Magic
  4801 | D:5      | Reached skill level 1 in Armour
  5158 | D:5      | Reached XP level 8. HP: 39/48 MP: 7/11
  5223 | D:5      | Identified a scroll of acquirement
  5315 | D:6      | Reached skill level 9 in Earth Magic
  5573 | D:6      | Reached skill level 5 in Fighting
  5804 | D:6      | Found a staircase to the Ecumenical Temple.
  5898 | Temple   | Entered the Ecumenical Temple
  6190 | D:6      | Reached skill level 5 in Armour
  6392 | D:7      | Reached XP level 9. HP: 54/55 MP: 8/12
  6765 | D:7      | Noticed Jeremiah
  6785 | D:7      | Killed Jeremiah
  6786 | D:7      | Reached skill level 10 in Earth Magic
  6947 | D:7      | Reached skill level 5 in Spellcasting
  6950 | D:7      | Reached skill level 11 in Earth Magic
  6961 | D:7      | Reached XP level 10. HP: 22/60 MP: 3/18
  7315 | D:7      | Noticed Pikel
  7321 | D:7      | Killed Pikel
  7322 | D:7      | Reached skill level 12 in Earth Magic
  7456 | D:7      | Noticed Maggie
  7461 | D:7      | Killed Maggie
  7872 | D:8      | Reached skill level 13 in Earth Magic
  8002 | D:8      | Noticed a two-headed ogre
  8005 | D:8      | Killed a two-headed ogre
  8128 | D:8      | Reached skill level 14 in Earth Magic
  8303 | D:8      | Noticed Psyche
  8309 | D:8      | Killed Psyche
  8346 | D:8      | Noticed Prince Ribbit
  8346 | D:8      | Noticed Grum
  8394 | D:7      | Reached XP level 11. HP: 16/66 MP: 16/20
  8395 | D:7      | Killed Prince Ribbit
  8644 | D:8      | Found a sacrificial altar of Ru.
  8657 | D:8      | Noticed a two-headed ogre
  8662 | D:8      | Killed a two-headed ogre
  8812 | D:8      | Killed Grum
  9155 | D:8      | Found a burning altar of Makhleb.
  9155 | D:8      | Found a shimmering blue altar of Sif Muna.
  9157 | D:8      | Found an iron altar of Okawaru.
  9190 | D:8      | Found a sparkling altar of Nemelex Xobeh.
  9442 | D:9      | Found a staircase to the Lair.
  9478 | D:9      | Noticed Erolcha
  9645 | D:9      | Killed Erolcha
  9891 | D:9      | Reached skill level 15 in Earth Magic
 10451 | D:10     | Entered Level 10 of the Dungeon
 10476 | D:10     | Reached skill level 5 in Dodging
 10686 | D:10     | Found a radiant altar of Vehumet.
 11169 | D:10     | Found a staircase to the Orcish Mines.
 11176 | D:10     | Found a roughly hewn altar of Beogh.
 11278 | D:10     | Became a worshipper of Vehumet
 11387 | D:10     | Found a viscous altar of Jiyva.
 11542 | D:11     | Reached XP level 12. HP: 68/76 MP: 19/21
 12123 | D:12     | Noticed Azrael
 12130 | D:12     | Killed from afar by Azrael

Illustrated notes

Levels and vault maps discovered:
D:1:      pf_arrival_petrified_forest, layout_loops_ring
D:2:      layout_loops_ring, basic_altar, kennysheep_nub,
          dreamdust_princess_corridor, grunt_ministairs_1, uniq_robin
D:3:      layout_rooms, nicolae_overflow_ecumenical_swirl, minivault_14
D:4:      minmay_general_purpose_star, layout_gridville, serial_shops,
          nicolae_shop_tiny_waterfront, nicolae_lakefront_shop,
          nicolae_shop_bloodbath_and_beyond, kennysheep_mini_moat
D:5:      layout_basic, serial_shops, shop, minmay_ogre_servants
D:6:      layout_basic, minmay_temple_entry_junction_2, chequers_arboretum
D:7:      lemuel_ice_spiral_2, layout_basic, serial_bayou_pond_a,
          grunt_ministairs_6, uniq_jeremiah, uniq_pikel, uniq_maggie
D:8:      layout_cave_pools, nicolae_overflow_hidden_temple, the_hattery,
          uniq_prince_ribbit1, uniq_psyche, uniq_grum
D:9:      layout_gridville, due_lair_maze_entry_diamond, minmay_quadrilaterals,
          uniq_erolcha
D:10:     layout_basic, fiery_altar_vehumet, david_orc_5, jiyva_altar_1
D:11:     layout_roguey
D:12:     layout_roguey, uniq_maurice, uniq_frances, uniq_azrael
Temple:   minmay_freezing_vapour_temple

Skill      XL: |  1  2  3  4  5  6  7  8  9 10 11 |
---------------+----------------------------------+-----
Earth Magic    | 4 5 6 7 8 9 11 14 15 | 15.6
Dodging        | 2 5 |  5.6
Conjurations   | 2 3 4 |  4.0
Fighting       | 1 2 3 6 9 |  9.3
Armour         | 1 5 6 |  6.0
Spellcasting   | 5 6 |  6.0
Stealth        | |  2.1

Action                     |  1- 3 |  4- 6 |  7- 9 | 10-12 || total
---------------------------+-------+-------+-------+-------++-------
  Melee: Unarmed           |    23 |       |       |       ||    23
         Mace              |    16 |    39 |       |       ||    55
         Spear             |       |    39 |     9 |       ||    48
         War axe           |       |       |    51 |    96 ||   147
   Cast: Sandblast         |    50 |   102 |   128 |   241 ||   521
         Stone Arrow       |       |       |    11 |    25 ||    36
    Use: Scroll            |       |     8 |     6 |     2 ||    16
         Potion            |       |       |     1 |     1 ||     2
 Armour: Robe              |    44 |    46 |       |       ||    90
         Leather armour    |       |    12 |    76 |    17 ||   105
         Steam dragon scal |       |       |       |   169 ||   169
         Skin              |       |       |       |     2 ||     2
  Dodge: Dodged            |    48 |    98 |   114 |   303 ||   563

Table legend: (Time is in decaauts)
 A = Elapsed time spent in this place.
 B = Non-inter-level travel time spent in this place.
 C = Inter-level travel time spent in this place.
 D = Time resting spent in this place.
 E = Time spent auto-exploring this place.
 F = Levels seen in this place.
 G = Mean time per level.
                   A        B        C        D        E       F      G
               +--------+--------+--------+--------+--------+-----+--------+
         Total |  12498 |  11997 |    501 |    733 |   8833 |  13 |  961.4 |
       Dungeon |  12497 |  11997 |    500 |    733 |   8833 |  12 | 1041.4 |
        Temple |      1 |      0 |      1 |      0 |      0 |   1 |    1.0 |
               +--------+--------+--------+--------+--------+-----+--------+

Top non-repeatable levels by time:
     D:7: 1776 daAuts
     D:9: 1290 daAuts
     D:5: 1260 daAuts
     D:2: 1222 daAuts
     D:4: 1205 daAuts
     D:6: 1152 daAuts
     D:1: 1147 daAuts
     D:8: 1142 daAuts
    D:10: 1071 daAuts
    D:11: 617 daAuts
     D:3: 553 daAuts
    D:12: 56 daAuts
  Temple: 1 daAuts
